 Dungeon Crawl Stone Soup version 0.20.1-1-g8b1a95d (webtiles) character file.

195 equalderp2856 the Shield-Bearer (level 5, -4/47 HPs)
             Began as a Minotaur Fighter on Oct 2, 2017.
             Slain by a gnoll
             ... wielding a +0 flail of draining
              (5 damage)
             ... on level 3 of the Dungeon.
             The game lasted 00:02:03 (1676 turns).

equalderp2856 the Shield-Bearer (Minotaur Fighter)  Turns: 1676, Time: 00:02:05

Health: -4/47      AC:  7    Str: 21    XL:     5   Next: 45%
Magic:  4/4        EV:  7    Int:  5    God:
Gold:   156        SH:  9    Dex: 10    Spells: 4/4 levels left

rFire    . . .     SeeInvis .   a - +0 war axe
rCold    . . .     Gourm    .   c - +0 shield
rNeg     . . .     Faith    .   b - +0 scale mail
rPois    .         Spirit   .   (helmet restricted)
rElec    .         Reflect  .   (no cloak)
rCorr    .         Harm     .   (no gloves)
MR       .....                  (no boots)
Stlth    ..........             (no amulet)
Regen    0.2/turn               (no ring)
MPRegen  0.1/turn               (no ring)

@: drained
A: retaliatory headbutt, horns 2
a: no special abilities


You were on level 3 of the Dungeon.
You were hungry.

You visited 1 branch of the dungeon, and saw 3 of its levels.

You collected 156 gold pieces.

Inventory:

Hand Weapons
 a - a +0 war axe (weapon)
Armour
 b - a +0 scale mail (worn)
 c - a +0 shield (worn)
Jewellery
 l - a cursed ring of loudness {unknown}
Scrolls
 e - a scroll of remove curse {unknown}
 h - 2 scrolls of enchant weapon {unknown}
 i - 2 scrolls of recharging {unknown}
 k - 9 scrolls of identify {unknown}
 m - a scroll of amnesia {unknown}
 o - a scroll of teleportation {unknown}
 p - a scroll of immolation {unknown}
 q - a scroll of fog {unknown}
Potions
 d - a potion of might
 g - 3 potions of degeneration {unknown}
 n - a potion of mutation {unknown}
 r - 2 potions of curing {unknown}
 s - a potion of lignification {unknown}
Comestibles
 f - 4 bread rations
 j - 4 meat rations


   Skills:
 + Level 4.4(3.8) Fighting
 + Level 4.6(4.1) Axes
 + Level 4.4(3.9) Armour
 + Level 0.7(0.2) Dodging
 + Level 4.9(4.3) Shields


You had 4 spell levels left.
You didn't know any spells.

Dungeon Overview and Level Annotations

Branches:
Dungeon (3/15)

Altars:


Innate Abilities, Weirdness & Mutations

You reflexively headbutt those who attack you in melee.
You have a pair of horns on your head.


Message History

The dart slug bites you but does no damage.
You struggle against the net.
The gnoll hits you with a flail of draining!
* * * LOW HITPOINT WARNING * * *
You feel drained.
* * * LOW HITPOINT WARNING * * *
The dart slug barely misses you.
Unknown command.
Unknown command.
You rip the net and break free!
The gnoll closely misses you. You furiously retaliate!
You headbutt the gnoll.
Unknown command.
You closely miss the gnoll.
The gnoll is lightly wounded.
You hit the dart slug. The dart slug launches a dart at you.
The slug dart hits you!
* * * LOW HITPOINT WARNING * * *
The gnoll hits you with a flail of draining.
You die...

#..# #.# #####
##.###.# ##
#..##.# .#
########.##.# #
.#
#.........#.#.#
.#
#.#######.#.#.#
.# #.....# .#
#####.#)### .#
#.....g@).# .#
..###.#w#.# .#
#...#.# .#
##..# . .# ..>.
.. .# ###.# ##
.# ..# ## ###


You could see a gnoll and a dart slug.

Vanquished Creatures
  2 orc priests (D:3)
  The ghost of Stelteck the Firebug, a weakling DrFE (D:3)
  3 gnolls (D:3)
  2 adders (D:2)
  An ooze (D:2)
  A worm (D:2)
  2 leopard geckos
  5 orcs (D:3)
  6 bats
  9 goblins
  9 hobgoblins
  6 jackals
  4 kobolds
  A quokka (D:2)
  A ball python (D:3)
  2 frilled lizards
  8 rats
63 creatures vanquished.

Notes
Turn   | Place    | Note
-------+----------+-------------------------------------------
     0 | D:1      | equalderp2856 the Minotaur Fighter began the quest for the Orb.
     0 | D:1      | Reached XP level 1. HP: 19/19 MP: 0/0
   202 | D:1      | Reached XP level 2. HP: 27/27 MP: 1/1
   706 | D:2      | Reached XP level 3. HP: 27/33 MP: 2/2
  1037 | D:2      | Reached XP level 4. HP: 40/40 MP: 3/3
  1303 | D:3      | Noticed Stelteck's ghost (weakling DrFE)
  1308 | D:3      | Killed Stelteck's ghost
  1668 | D:3      | Reached XP level 5. HP: 34/47 MP: 4/4
  1676 | D:3      | HP: 1/47 [dart slug/slug dart (5)]
  1676 | D:3      | Slain by a gnoll

Skill      XL: |  1  2  3  4 |
---------------+-------------+-----
Armour         | 4 |  4.4
Fighting       | 4 |  4.4
Shields        | 4 |  4.9
Axes           | 3 4 |  4.6
Dodging        | |  0.7

Action                   |  1- 3 |  4- 6 || total
-------------------------+-------+-------++-------
Melee: War axe           |    94 |    56 ||   150
       Headbutt          |    13 |    11 ||    24
  Eat: Chunk             |       |     2 ||     2
Armor: Scale mail        |    48 |    27 ||    75
Dodge: Dodged            |    28 |    18 ||    46
Block: Shield            |    43 |    35 ||    78
